AoeStats
← 乔木

Black Forest

507694915Analyzed
3v3 RM · 13d ago on Sep 19, 2026· 72m 26s· 6 players
Game mode
Random Map
Map size
Normal (6 player)
Population
200
Speed
Normal
Resources
Standard
Victory
Conquest
Starting age
Dark Age
Ending age
Imperial Age
RankedLock teamsTeams togetherTeam positionsShared explorationLock speedFull tech treeHidden civsTurbo modeCheats
Victory
Defeat
🇨🇳 Turks · China
846
+13
🇨🇳 Spanish · China
844
+13
🇨🇳 Sicilians · China
807
+14
🇧🇷 Byzantines · Brazil
787
-13
🇨🇳 Romans · China
780
-14
🇮🇹 Khmer · Italy
755
-13
Velox_M_B
0:45 Loom
13:57 Feudal Age
14:44 Double-Bit Axe
18:11 Castle Age
17:06 Stone Mining
17:00 Horse Collar
17:32 Gold Mining
19:11 Wheelbarrow
21:25 Bow Saw
22:43 Town Watch
24:17 Ballistics
26:03 Gold Shaft Mining
26:12 Murder Holes
32:11 Imperial Age
31:03 Fletching
32:32 Heavy Plow
33:22 Conscription
33:45 Double Crossbow
35:45 Elite Ballista Elephant
37:24 Elite Ballista Elephant
38:11 Husbandry
juniornmlima
2:00 Loom
15:01 Feudal Age
19:07 Castle Age
23:14 Horse Collar
27:32 Wheelbarrow
27:06 Heavy Plow
28:10 Double-Bit Axe
28:17 Gold Mining
29:26 Bow Saw
33:59 Imperial Age
31:51 Hand Cart
32:00 Scale Barding Armor
32:06 Forging
32:00 Stone Mining
32:46 Gold Shaft Mining
33:33 Squires
33:57 Chain Barding Armor
34:13 Iron Casting
34:07 Ballistics
33:58 Fortified Wall
34:15 Caravan
34:45 Coinage
35:05 Conscription
35:26 Hoardings
35:35 Stone Shaft Mining
36:13 Crop Rotation
35:31 Gambesons
35:32 Arson
36:38 Plate Barding Armor
36:17 Murder Holes
36:03 Treadmill Crane
36:29 Husbandry
36:35 Cavalier
38:12 Paladin
41:00 Scale Mail Armor
43:43 Chain Mail Armor
43:18 Fletching
43:29 Padded Archer Armor
54:49 Leather Archer Armor
58:23 Pikeman
59:59 Halberdier
63:36 Ring Archer Armor
63:02 Bodkin Arrow
63:38 Plate Mail Armor
OTZ==3
1:56 Loom
12:59 Feudal Age
17:17 Castle Age
16:38 Double-Bit Axe
17:47 Gold Mining
24:31 Horse Collar
24:49 Stone Mining
26:39 Wheelbarrow
29:28 Hand Cart
29:27 Heavy Plow
29:54 Bow Saw
32:58 Caravan
33:50 Fletching
35:20 Gold Shaft Mining
38:37 Imperial Age
帅气的酷酷
0:35 Loom
12:12 Feudal Age
13:02 Double-Bit Axe
18:45 Castle Age
17:11 Gold Mining
17:12 Stone Mining
17:47 Horse Collar
20:05 Bow Saw
20:28 Heavy Plow
28:45 Wheelbarrow
29:26 Gold Shaft Mining
29:51 Hand Cart
35:33 Imperial Age
32:50 Town Watch
33:26 Treadmill Crane
34:03 Fortified Wall
34:04 Masonry
34:16 Ballistics
34:12 Forging
34:02 Scale Mail Armor
34:08 Scale Barding Armor
34:03 Padded Archer Armor
33:54 Fletching
34:12 Caravan
35:09 Town Patrol
35:52 Murder Holes
38:29 Two-Man Saw
38:10 Iron Casting
37:51 Chain Mail Armor
37:56 Chain Barding Armor
37:52 Leather Archer Armor
37:32 Bodkin Arrow
38:02 Bombard Tower
37:27 Arrowslits
38:42 Coinage
38:22 Guilds
40:14 Conscription
39:20 Elite Janissary
40:04 Artillery
40:52 Hoardings
41:14 Architecture
41:06 Thumb Ring
41:38 Plate Mail Armor
42:09 Blast Furnace
41:45 Plate Barding Armor
42:30 Banking
42:44 Arson
42:59 Squires
43:02 Bracer
43:33 Ring Archer Armor
42:41 Capped Ram
43:39 Guard Tower
44:31 Siege Ram
55:57 Parthian Tactics
54:54 Heavy Cavalry Archer
54:55 Crossbowman
69:50 Spies/Treason
乔木
10:58 Feudal Age
11:30 Loom
11:55 Double-Bit Axe
21:21 Castle Age
19:26 Horse Collar
22:33 Bow Saw
23:55 Gold Mining
24:17 Stone Mining
24:54 Heavy Plow
29:35 Gold Shaft Mining
29:50 Stone Shaft Mining
34:18 Forging
34:09 Scale Mail Armor
34:23 Scale Barding Armor
34:54 Coinage
34:25 Caravan
35:27 Ballistics
35:46 Iron Casting
37:29 Chain Mail Armor
37:37 Chain Barding Armor
39:04 Wheelbarrow
38:14 Town Watch
42:53 Imperial Age
40:26 Town Patrol
41:18 First Crusade
42:20 Hand Cart
42:20 Padded Archer Armor
42:11 Fletching
44:07 Banking
43:59 Guilds
45:01 Blast Furnace
44:32 Plate Mail Armor
44:56 Crop Rotation
45:36 Chemistry
44:43 Siege Engineers
44:24 Arrowslits
45:41 Plate Barding Armor
45:07 Murder Holes
45:22 Masonry
46:47 Leather Archer Armor
46:28 Bodkin Arrow
48:35 Hauberk
47:52 Elite Serjeant
48:53 Conscription
48:01 Heavy Scorpion
49:14 Husbandry
49:25 Bloodlines
48:37 Light Cavalry
48:40 Cavalier
48:53 Capped Ram
49:03 Crossbowman
49:05 Elite Skirmisher
50:05 Bracer
50:56 Hoardings
49:53 Sappers
50:00 Pikeman
50:20 Man-at-Arms
50:45 Gambesons
51:01 Squires
50:46 Arson
50:28 Arbalester
50:45 Onager
52:04 Siege Onager
52:11 Long Swordsman
52:30 Halberdier
53:35 Two-Handed Swordsman
53:41 Siege Ram
54:47 Champion
55:29 Heated Shot
55:50 Careening
55:50 Clinker Construction
55:47 Siphons
56:02 Fervor
56:18 Illumination
55:49 Herbal Medicine
55:54 Devotion
56:15 Sanctity
57:07 Shipwright
57:30 Dry Dock
58:37 Carvel Hull
59:25 Faith
66:24 Spies/Treason
章鱼哥
1:49 Loom
10:45 Feudal Age
18:53 Castle Age
18:04 Double-Bit Axe
18:12 Gold Mining
20:03 Stone Mining
21:05 Wheelbarrow
20:43 Bow Saw
21:34 Scale Barding Armor
24:48 Hand Cart
25:41 Horse Collar
26:25 Chain Barding Armor
28:15 Heavy Plow
32:02 Imperial Age
29:45 Fletching
32:17 Bodkin Arrow
34:05 Chemistry
33:07 Bracer
33:48 Hoardings
35:44 Stone Shaft Mining
38:05 Ballistics
38:06 Bombard Tower
39:12 Conscription
39:24 Cavalier
40:09 Husbandry
40:20 Bloodlines
40:49 Plate Barding Armor
40:25 Forging
41:03 Paladin
41:47 Scale Mail Armor
44:25 Iron Casting
48:07 Blast Furnace
47:38 Guilds
56:32 Capped Ram
58:31 Coinage
57:36 Siege Ram
69:42 Spies/Treason
Connection lost

Rejoining the realm…

Still unreachable

The connection could not be restored.

Session expired

The server has moved on; the page needs a fresh start.